Map: Chantier naval orbital

Players

AgCl

  • Race: Zerg Zerg

GEX - Winner!

  • Race: Zerg Zerg

VOD

Have the link to the VOD?

Description

Time

  • Played on: May 6, 2015, 6:42 p.m.
  • Length: 8:23
Show
View Real Time Build Order
Export as new Build Order

AgCl Zerg 

Build Orders: Pool First 

Get SALT Encoding   

  12  0:05  Drone  
  13  0:08  Drone  
  14  0:30  Spawning Pool  
  14  0:31  Drone  
  14  0:40  Overlord  
  14  0:41  Extractor  
  13  0:45  Drone  
  14  0:59  Drone x2  
  16  1:08  Drone  
  17  1:20  Queen  
  19  1:26  Zergling x2  
  20  1:38  Zergling x4  
  22  1:56  Burrow  
  22  1:59  Hatchery  
  21  2:13  Drone  
  22  2:20  Metabolic Boost  
  22  2:46  Overlord  
  22  2:47  Overlord  
  22  2:53  Extractor  
  22  2:54  Drone, Overlord  
  22  2:55  Overlord  
  22  3:13  Lair  
  22  3:15  Queen  
  24  3:27  Zergling x10  
  29  3:43  Drone x2  
  31  3:51  Pneumatized Carapace  
  31  4:26  Drone x2  
  31  4:27  Drone x4  
  36  4:56  Drone, Spire  
  36  4:57  Drone x8  
  36  4:58  Drone x3  
  47  5:01  Extractor  
  47  5:04  Extractor  
  40  5:31  Drone x6  
  46  5:37  Hatchery  
  43  5:43  Drone x7  
  50  5:51  Spine Crawler  
  50  5:54  Spine Crawler  
  48  6:10  Mutalisk x2  
  52  6:13  Overlord x2  
  52  6:14  Overlord  
  52  6:31  Queen x2  
  56  6:33  Overlord x2  
  56  6:34  Overlord  
  56  6:53  Mutalisk x7  
  38  7:10  Drone x9  
  38  7:13  Mutalisk  
  39  7:20  Drone x3  
  39  7:23  Drone  
  39  7:24  Drone x4  
  44  7:54  Mutalisk x2  
  44  7:56  Drone  
  49  8:08  Drone  
  49  8:09  Drone x3  
Show
View Real Time Build Order
Export as new Build Order

GEX Zerg - Winner!

Build Orders: Pool First 

Get SALT Encoding   

  12  0:00  Drone  
  13  0:08  Drone  
  14  0:17  Overlord  
  14  0:35  Spawning Pool  
  14  0:39  Drone  
  14  1:01  Hatchery  
  13  1:05  Drone  
  13  1:07  Drone  
  13  1:10  Drone  
  16  1:16  Extractor  
  15  1:25  Queen  
  17  1:29  Drone  
  17  1:31  Drone  
  19  1:41  Overlord  
  19  1:51  Drone  
  20  2:05  Zergling x2  
  21  2:12  Queen  
  21  2:14  Zergling x4  
  25  2:30  Drone  
  25  2:31  Drone  
  25  2:33  Metabolic Boost  
  25  2:36  Drone x4  
  31  3:01  Overlord x2  
  31  3:02  Drone x4  
  35  3:19  Overlord x2  
  35  3:28  Extractor  
  35  3:31  Extractor x2  
  35  3:34  Baneling Nest  
  31  3:42  Drone  
  31  3:43  Drone x6  
  38  3:57  Zergling x6  
  41  4:16  Spine Crawler  
  39  4:19  Spine Crawler  
  39  4:21  Zergling x2  
  39  4:22  Zergling x18  
  48  4:40  Zergling x2  
  48  4:41  Zergling x4  
  51  4:47  Lair, Spore Crawler  
  50  5:04  Drone x7  
  50  5:05  Drone x2  
  59  5:26  Drone  
  60  5:30  Drone  
  60  5:31  Drone x3  
  64  5:47  Hydralisk Den  
  63  5:56  Evolution Chamber  
  62  5:58  Evolution Chamber  
  62  5:59  Roach Warren  
  60  6:04  Lurker Den  
  60  6:05  Drone  
  60  6:06  Drone x6  
  60  6:08  Baneling x8  
  60  6:09  Baneling x15  
  60  6:11  Hatchery  
  66  6:12  Overlord  
  66  6:23  Overseer  
  58  7:00  Hydralisk  
  58  7:01  Hydralisk x11  
  72  7:24  Spore Crawler x2  
  72  7:26  Spore Crawler  
  72  7:27  Spore Crawler  
  68  7:31  Spore Crawler x2  
  66  7:37  Hydralisk  
  66  7:39  Overlord x5  
  68  7:57  Drone x5  
  68  7:58  Drone x4  
  77  8:03  Drone x2  
  77  8:04  Drone  
Tags
 
Add a new tag
Caveats
  • Supply blocks, unpowered buildings, or Contaminate may cause inaccurate times.
  • Supply counts are checked every 10 seconds.